 Dungeon Crawl Stone Soup version 0.18-b1-16-g289874d (webtiles) character file.

1563 st0uf the Shield-Bearer (level 9, -4/69 HPs)
             Began as a Formicid Fighter on May 2, 2016.
             Killed from afar by an orc wizard (8 damage)
             ... with a puff of frost
             ... on level 7 of the Dungeon.
             The game lasted 00:20:44 (4162 turns).

st0uf the Shield-Bearer (Formicid Fighter)          Turns: 4162, Time: 00:20:45

Health: -4/69      AC:  7    Str: 22    XL:     9   Next: 13%
Magic:  9/9        EV: 13    Int:  7    God:    Xom [.*....]
Gold:   228        SH: 11    Dex: 17    Spells: 0 memorised, 8 levels left

rFire  . . .     SeeInvis +     a - +0 quarterstaff
rCold  . . .     Gourm    .     t - +0 ring mail {rN+}
rNeg   + . .     Faith    .     c - +0 shield
rPois  .         Spirit   .     (helmet unavailable)
rElec  .         Dismiss  .     (no cloak)
rCorr  .         Reflect  .     e - +0 pair of gloves
SustAt .         Harm     +     (no boots)
MR     .....                    D - amulet of harm
Stlth  +.........               (no ring)
                                k - +4 ring of dexterity

@: not resistant to hostile enchantments, very unstealthy
A: permanent stasis, dig shafts and tunnels, four strong arms, antennae 3
a: Dig, Shaft Self, Renounce Religion


You were on level 7 of the Dungeon.
You worshipped Xom.
You were a plaything of Xom.
You were hungry.

You visited 2 branches of the dungeon, and saw 8 of its levels.

You collected 228 gold pieces.

Inventory:

Hand Weapons
 a - a +0 quarterstaff (weapon)
 m - a +0 hunting sling
Missiles
 h - 148 stones (quivered)
Armour
 c - a +0 shield (worn)
 e - a +0 pair of gloves (worn)
 t - a +0 ring mail of positive energy (worn)
Jewellery
 j - an uncursed ring of flight
 k - a +4 ring of dexterity (left hand)
 D - an amulet of harm (around neck)
Wands
 s - a wand of iceblast (9/15)
 B - a wand of slowing (29/48)
 H - a wand of random effects (19/48)
Scrolls
 n - 7 scrolls of teleportation {unknown}
 q - 2 scrolls of fog {unknown}
 r - 2 scrolls of enchant armour {unknown}
 u - a scroll of enchant weapon {unknown}
 x - 3 scrolls of remove curse {unknown}
 y - a scroll of blinking {unknown}
 A - 3 scrolls of identify {unknown}
 I - a scroll of recharging {unknown}
Potions
 d - 2 potions of might
 l - 2 potions of lignification {unknown}
 o - a potion of cancellation {unknown}
 p - 2 potions of resistance {unknown}
 v - a potion of invisibility {unknown}
 C - a potion of flight {unknown}
 E - 2 potions of heal wounds {unknown}
 F - a potion of mutation {unknown}
Comestibles
 b - 5 meat rations
 f - 6 bread rations
 g - 2 fruits
 i - a slice of pizza
 w - a royal jelly
 z - a beef jerky
 G - 3 chunks of flesh


   Skills:
 + Level 5.7 Fighting
 + Level 4.9 Staves
 + Level 6.0 Armour
 + Level 4.4 Dodging
 + Level 1.3 Stealth
 + Level 7.3 Shields


You had 8 spell levels left.
You didn't know any spells.

Dungeon Overview and Level Annotations

Branches:
Dungeon (7/15)             Temple (1/1) D:4

Altars:
Dithmenos
Elyvilon
Fedhas
Gozag
Makhleb
Pakellas
Ru
Sif Muna
Trog
Vehumet
Xom
Zin

Shops:
D:5 (


Innate Abilities, Weirdness & Mutations

You are under a permanent stasis effect.
You can dig through walls and to a lower floor.
Your four strong arms can wield two-handed weapons with a shield.
You have a pair of large antennae on your head (SInv).


Message History

You swap places.
Something completely misses your butterfly.
You see here a trident.
Something misses your butterfly.
You are feeling hungry.
An orc wizard comes into view. It is wielding a dagger.
Your butterfly disappears in a puff of smoke! x2
You swap places.
The orc wizard casts a spell at you. The magic dart hits you!
* * * LOW HITPOINT WARNING * * *
Xom roars with laughter!
You are now a plaything of Xom.
Your butterfly disappears in a puff of smoke!
The orc wizard looks braver for a moment.
The orc wizard mumbles some strange words.
The orc wizard blinks!
The orc wizard points at you and mumbles some strange words.
The puff of frost hits you!
You die...

.. ..o.§..§.#
.###.##o.#
#.##b.# #...oo#
####..# #..#
#..# #..# #
#@.# #.####..#
>.......#
........###
..........#
....#.####..#.#
......# #..#(#
#....####..#.#
#..Y.......#.#


You could see an orc warrior, an orc wizard (invisible) and an orc.

Vanquished Creatures
  Duvessa (D:6)
  An ice beast (D:7)
  An orc warrior (D:6)
  2 black bears (D:6)
  A centaur (D:6)
  3 giant frogs (D:6)
  A scorpion (D:6)
  Dowan (D:6)
  2 howler monkeys
  2 crimson imps
  A centaur skeleton (D:6)
  A jelly (D:7)
  2 hounds
  An orc priest (D:3)
  An iguana (D:4)
  4 orc wizards (D:6)
  Natasha (D:2)
  2 worker ants (D:6)
  A howler monkey skeleton (D:4)
  4 adders
  An adder zombie (D:7)
  3 worms
  3 dart slugs
  3 giant geckos
  13 orcs
  5 giant cockroaches
  5 goblins
  6 hobgoblins
  6 jackals
  13 kobolds
  2 quokkas
  9 bats
  5 giant newts
  5 rats
112 creatures vanquished.

Vanquished Creatures (collateral kills)
  A giant frog (D:7)
  A crimson imp (D:7)
2 creatures vanquished.

Grand Total: 114 creatures vanquished

Notes
Turn   | Place    | Note
--------------------------------------------------------------
     0 | D:1      | st0uf the Formicid Fighter began the quest for the Orb.
     0 | D:1      | Reached XP level 1. HP: 18/18 MP: 1/1
    90 | D:1      | Reached XP level 2. HP: 22/24 MP: 2/2
   179 | D:1      | Reached skill level 4 in Shields
   407 | D:1      | Reached XP level 3. HP: 29/29 MP: 3/3
   693 | D:2      | Reached XP level 4. HP: 27/37 MP: 4/4
   794 | D:2      | Found a faded altar to an unknown god.
   808 | D:2      | Became a worshipper of Xom of Chaos
   814 | D:2      | XOM: divination: magic mapping
  1224 | D:2      | Noticed Natasha
  1230 | D:2      | XOM: smoke on damage
  1231 | D:2      | Killed Natasha
  1231 | D:2      | Reached skill level 1 in Dodging
  1231 | D:2      | Reached XP level 5. HP: 32/42 MP: 5/5
  1320 | D:2      | You fall through a shaft!
  1408 | D:3      | XOM: polymorph orc priest -> howler monkey
  1464 | D:3      | Reached XP level 6. HP: 48/48 MP: 6/6
  2031 | D:3      | XOM is BORED!
  2031 | D:3      | XOM: summons 3 hostile demons
  2341 | D:4      | XOM: mild Tloc miscast
  2363 | D:4      | XOM: silly message
  2449 | D:4      | Found a staircase to the Ecumenical Temple.
  2723 | D:5      | Entered Level 5 of the Dungeon
  2739 | Temple   | Entered the Ecumenical Temple
  2843 | D:5      | Found Doroh's Antique Weapon Shoppe.
  2843 | D:5      | You fall through a shaft!
  2850 | D:6      | Reached skill level 5 in Shields
  2924 | D:6      | XOM: harmless Summ miscast
  2978 | D:6      | Reached XP level 7. HP: 46/55 MP: 7/7
  3057 | D:6      | XOM: potion effect (agility)
  3063 | D:6      | Noticed Dowan
  3075 | D:6      | Reached skill level 5 in Armour
  3098 | D:6      | Reached skill level 1 in Stealth
  3141 | D:6      | Killed Dowan
  3249 | D:6      | Noticed Duvessa
  3280 | D:6      | Reached skill level 6 in Shields
  3283 | D:6      | Reached skill level 5 in Fighting
  3283 | D:6      | Reached XP level 8. HP: 58/62 MP: 8/8
  3283 | D:6      | XOM: chaos upgrade
  3294 | D:6      | XOM: vitrification
  3299 | D:6      | Killed Duvessa
  3676 | D:6      | Found a deep blue altar of Sif Muna.
  3686 | D:6      | XOM: smoke on damage
  3716 | D:6      | XOM: divination: detect creatures
  3884 | D:6      | XOM: potion effect (agility)
  3923 | D:6      | XOM: harmless Fire miscast
  3953 | D:7      | Reached skill level 7 in Shields
  4010 | D:7      | XOM: summons 3 friendly demons
  4030 | D:7      | Reached XP level 9. HP: 64/69 MP: 9/9
  4143 | D:7      | XOM: butterfly on damage
  4155 | D:7      | HP: 2/69 [orc wizard/magic dart (10)]
  4162 | D:7      | Killed from afar by an orc wizard

Skill      XL: |  1  2  3  4  5  6  7  8  9 |
---------------+----------------------------+-----
Shields        | 4 5 6 7 |  7.3
Armour         | 4 5 6 |  6.0
Fighting       | 4 5 |  5.7
Dodging        | 1 2 3 4 |  4.4
Staves         | 3 4 |  4.9
Stealth        | 1 |  1.3

Action                   |  1- 3 |  4- 6 |  7- 9 || total
-------------------------+-------+-------+-------++-------
Melee: Quarterstaff      |    90 |   161 |   181 ||   432
 Abil: Dig               |     1 |     2 |     3 ||     6
 Stab: Distracted        |       |       |     1 ||     1
  Eat: Chunk             |       |     7 |     4 ||    11
Armor: Scale mail        |    29 |       |       ||    29
       Ring mail         |     7 |    45 |    54 ||   106
Dodge: Dodged            |    26 |    50 |    76 ||   152
Block: Shield            |    47 |    77 |   117 ||   241
